 Dungeon Crawl Stone Soup version 0.31.0-12-g77e489cdc1 (webtiles) character file.

Game seed: 8148200556086615632

151 Buffagor the Changeling (level 5, -2/37 HPs)
             Began as a Merfolk Shapeshifter on Mar 8, 2024.
             Was a Plaything of Xom.
             Shot with a sling bullet by a goblin (5 damage)
             ... on level 3 of the Dungeon.
             The game lasted 00:05:12 (2004 turns).

Buffagor the Changeling (Merfolk Shapeshifter)      Turns: 2004, Time: 00:05:12

Health: -2/37      AC:  3    Str: 13    XL:     5   Next: 33%
Magic:  5/5        EV: 12    Int:  5    God:    Xom [.*....]
Gold:   171        SH:  0    Dex: 15    Spells: 4/4 levels left

rFire   . .          .
                       - Unarmed
rCold   . . .        (no shield)
rNeg    . . .        e - +0 leather armour
rPois   .            (helmet currently unavailable)
rElec   .            (cloak currently unavailable)
rCorr   .            (gloves currently unavailable)
SInv    .            (boots currently unavailable)
Will    +....        (no amulet)
Stlth   +            j - +4 ring of slaying
HPRegen 0.26/turn    (no ring)
MPRegen 0.09/turn

%: random rage (9%)
@: beast-form
A: beast (slay +3), (nimble swimmer 2), mertail, berserk 2, dopey 2,
strong-willed 1, weak 1, wild magic 1
a: Begin Untransformation, Renounce Religion


You were on level 3 of the Dungeon.
You worshipped Xom.
You were a plaything of Xom.
You were a hulking beast.
You visited 1 branch of the dungeon, and saw 3 of its levels.

You collected 171 gold pieces.

Inventory:

Missiles
 l - 26 stones (quivered)
Armour
 e - a +0 leather armour (worn)
 h - a +0 pair of boots
Jewellery
 j - a +4 ring of slaying (left hand)
Talismans
 c - a beast talisman
 d - a flux talisman
Scrolls
 b - a scroll of silence {unknown}
 g - a scroll of teleportation {unknown}
 k - a scroll of enchant weapon {unknown}
 m - a scroll of immolation {unknown}
 n - a scroll of identify {unknown}
 o - a scroll of blinking {unknown}
 p - a scroll of revelation {unknown}
Potions
 f - 4 potions of mutation {unknown}
 i - a potion of magic {unknown}


   Skills:
 - Level 1.1 Fighting
 - Level 2.6 Dodging
 + Level 4.5 Unarmed Combat
 * Level 6.3 Shapeshifting


You had 4 spell levels left.
You didn't know any spells.
Your spell library contained the following spells:

 Spells                   Type           Power      Damage    Failure   Level
 Apportation              Tloc           0%         N/A       65%         1
 Sting                    Conj/Alch      0%         1d3       65%         1
 Jinxbite                 Hex            0%         N/A       78%         2
 Mercury Vapours          Alch/Air       0%         N/A       78%         2
 Olgreb's Toxic Radiance  Alch           0%         N/A       100%        4
 Alistair's Intoxication  Alch           0%         N/A       100%        5


Dungeon Overview and Level Annotations

Branches:
Dungeon (3/15)

Altars:
Wu Jian
Xom

Shops:
D:2 *

Annotations:
D:3 Ijyb


Innate Abilities, Weirdness & Mutations

You are a hulking beast.
Your limbs bulge with bestial killing power. (Slay +3)
((You are very nimble when in or above water. (Stealth+, EV+, Speed+++)))
Your lower body shifts to a powerful aquatic tail in water.
You have an uncontrollable temper.
You are very dopey. (Int -4)
You are strong-willed. (Will+)
You are weak. (Str -2)
Your spells are a little harder to cast, but a little more powerful.


Message History

Your line of fire to Ijyb is blocked by a granite statue.
Your line of fire to Ijyb is blocked by a granite statue.
Your line of fire to Ijyb is blocked by a granite statue.
Your line of fire to Ijyb is blocked by a granite statue.
Your line of fire to Ijyb is blocked by a granite statue.
Your line of fire to Ijyb is blocked by a granite statue.
Your line of fire to Ijyb is blocked by a granite statue.
Your line of fire to Ijyb is blocked by a granite statue.
Your line of fire to Ijyb is blocked by a granite statue.
Unknown command.
Unknown command.
Unknown command.
A goblin comes into view.
It is wielding a +0 club and carrying a wand of iceblast.
The goblin shoots a sling bullet.
The sling bullet misses you.
You throw a stone. The stone hits the goblin!
You kill the goblin!
Ijyb zaps a wand.
The mass of ice explodes!
The iceblast engulfs you!
The goblin shoots a sling bullet.
The sling bullet barely misses you.
You throw a stone. The stone closely misses Ijyb.
The goblin zaps a wand.
The mass of ice explodes!
The iceblast engulfs you!
The goblin shoots a sling bullet.
The sling bullet hits you but does no damage.
Ijyb hits you with a +0 dagger.
* * * LOW HITPOINT WARNING * * *
You hit Ijyb. Your punch misses Ijyb.
Ijyb is lightly wounded.
Ijyb screams, "It's all mine!"
Ijyb barely misses you.
The goblin shoots a sling bullet.
The sling bullet hits you.
* * * LOW HITPOINT WARNING * * *
You hit Ijyb.
Ijyb is moderately wounded.
The goblin shoots a sling bullet.
The sling bullet hits you.
* * * LOW HITPOINT WARNING * * *
You hit the goblin.
The goblin is severely wounded.
Ijyb hits you but does no damage. The goblin hits you with a +0 club.
* * * LOW HITPOINT WARNING * * *
The goblin shoots a sling bullet.
The sling bullet hits you.
You die...

#......#~~~.....)..
#......#~~~....♣_..
#......#~~~........
#......#~~~~.......
#......#~~.........
#####......#~~.........
#..........##########.#
#.......#### #.#
#....gh$# ##.#
#8....g8# #..#
#.......# #.##
#8..g.)8# ######.##
#.).....# #........
#8.....8# #........
#.......# #........
#8.....8# #########


You could see Ijyb and 2 goblins.

Vanquished Creatures
  A scorpion (D:3)
  Terence (D:3)
  An adder (D:3)
  A dart slug (D:1)
  A ribbon worm (D:2)
  3 ball pythons
  5 endoplasms
  8 goblins
  9 hobgoblins
  A jackal (D:1)
  9 kobolds
  2 quokkas (D:1)
  3 bats (D:1)
  2 frilled lizards
  2 rats (D:1)
49 creatures vanquished.

Notes
Turn   | Place    | Note
-------+----------+-------------------------------------------
     0 | D:1      | Buffagor the Merfolk Shapeshifter began the quest for the
                  | Orb.
     0 | D:1      | Reached XP level 1. HP: 15/15 MP: 1/1
    88 | D:1      | Found a faded altar of an unknown god.
    92 | D:1      | Noticed a golden eye
   102 | D:1      | Noticed a golden eye
   108 | D:1      | Noticed a golden eye
   112 | D:1      | Noticed a shining eye
   114 | D:1      | Reached XP level 2. HP: 20/21 MP: 2/2
   130 | D:1      | Prayed at the altar of an unknown god.
   130 | D:1      | Became a worshipper of Xom the Chaotic
   162 | D:1      | XOM: divination: detect creatures
   168 | D:1      | XOM: silly message
   240 | D:1      | XOM: silly message
   280 | D:1      | Reached XP level 3. HP: 25/26 MP: 3/3
   292 | D:1      | XOM: smoke on damage
   463 | D:1      | Reached skill level 5 in Shapeshifting
   732 | D:1      | XOM: give mutation
   732 | D:1      | Gained mutation: You sometimes lose your temper in combat.
                  | [Xom's mischief]
   734 | D:1      | XOM: give mutations
   734 | D:1      | Gained mutation: You are strong-willed. (Will+) [Xom's
                  | mischief]
   734 | D:1      | Gained mutation: You are dopey. (Int -2) [Xom's mischief]
   734 | D:1      | Gained mutation: You are weak. (Str -2) [Xom's mischief]
   865 | D:2      | Found Luawk's General Store.
  1666 | D:3      | Noticed Terence
  1672 | D:3      | Killed Terence
  1673 | D:3      | Reached XP level 4. HP: 32/32 MP: 4/4
  1886 | D:3      | Noticed a scorpion
  1892 | D:3      | Killed a scorpion
  1893 | D:3      | Reached skill level 6 in Shapeshifting
  1893 | D:3      | Reached XP level 5. HP: 34/37 MP: 5/5
  1896 | D:3      | XOM: smoke on damage
  1931 | D:3      | Found an ornate altar of the Wu Jian Council.
  1952 | D:3      | XOM is BORED!
  1952 | D:3      | XOM: give mutations
  1952 | D:3      | Gained mutation: You have an uncontrollable temper. [Xom's
                  | mischief]
  1952 | D:3      | Gained mutation: You are very dopey. (Int -4) [Xom's
                  | mischief]
  1952 | D:3      | Gained mutation: Your spells are a little harder to cast,
                  | but a little more powerful. [Xom's mischief]
  1994 | D:3      | Noticed Ijyb
  2004 | D:3      | Shot with a sling bullet by a goblin

Illustrated notes

Levels and vault maps discovered:
D:1:      mrwooster_arrival_arrow, layout_rooms,
          hellmonk_ecumenical_altar_watching_god, minmay_indecisive_spiral
D:2:      layout_basic, serial_shops, shop_fountains, eino_tiny_chamber
D:3:      kennysheep_the_goblin_king, layout_rooms, nzn_wu_jian_contemplation,
          lemuel_tele_altar, uniq_terence

Skill      XL: |  1  2  3  4 |
---------------+-------------+-----
Shapeshifting  | 5 6 |  6.3
Unarmed Combat | 4 |  4.5
Fighting       | |  1.1
Dodging        | |  2.6

Action                     |  1- 3 |  4- 6 || total
---------------------------+-------+-------++-------
  Melee: Unarmed           |    89 |    10 ||    99
         Punch             |     1 |       ||     1
  Throw: Stone             |    14 |    22 ||    36
    Use: Potion            |     1 |     1 ||     2
 Armour: Animal skin       |    11 |       ||    11
         Leather armour    |    44 |    16 ||    60
         Skin              |     3 |       ||     3
  Dodge: Dodged            |    53 |     6 ||    59
